Map: Blackburn LE

Players

Strange

  • Race: Protoss Protoss

Stephano - Winner!

  • Race: Zerg Zerg

Event: DreamHack SC2 Masters 2021 Fall

VOD

Have the link to the VOD?

Description

Time

  • Played on: Aug. 3, 2021, 10:54 a.m.
  • Length: 17:00

All games in this series

Show
View Real Time Build Order
Export as new Build Order

Strange Protoss 

Build Orders: 1 Gate Expand, Phoenix Opening 

Get SALT Encoding   

  12  0:00  Probe  
  13  0:12  Probe  
  14  0:19  Pylon  
  14  0:24  Probe  
  15  0:38  Gateway, Probe (Chrono Boost)  
  16  0:46  Probe (Chrono Boost)  
  16  0:47  Assimilator  
  17  0:52  Probe  
  18  1:04  Probe  
  19  1:16  Probe  
  20  1:25  Nexus  
  20  1:35  Cybernetics Core  
  20  1:39  Probe  
  21  1:44  Assimilator  
  21  1:51  Probe  
  22  1:54  Pylon  
  22  2:03  Probe  
  23  2:10  Adept (Chrono Boost)  
  23  2:15  Probe  
  26  2:19  Stargate  
  26  2:23  Warp Gate  
  27  2:30  Stalker (Chrono Boost)  
  27  2:31  Probe (Chrono Boost)  
  29  2:37  Probe (Chrono Boost)  
  31  2:46  Probe x2 (Chrono Boost)  
  32  2:52  Adept  
  32  2:53  Probe  
  35  2:59  Probe  
  35  3:00  Pylon  
  36  3:07  Phoenix (Chrono Boost)  
  36  3:09  Probe  
  36  3:12  Probe  
  40  3:21  Probe  
  40  3:22  Gateway  
  40  3:25  Probe  
  42  3:28  Phoenix (Chrono Boost)  
  42  3:33  Probe  
  45  3:37  Probe  
  46  3:46  Assimilator, Probe  
  47  3:48  Phoenix (Chrono Boost)  
  47  3:51  Assimilator  
  47  3:54  Probe  
  50  3:58  Probe  
  50  4:00  Pylon  
  51  4:02  Pylon  
  51  4:07  Probe  
  52  4:10  Probe  
  52  4:12  Pylon  
  52  4:17  Phoenix (Chrono Boost)  
  53  4:19  Probe  
  53  4:22  Probe  
  57  4:26  Pylon  
  57  4:31  Probe  
  58  4:34  Adept, Probe  
  58  4:35  Adept  
  63  4:52  Probe  
  64  4:53  Phoenix  
  66  5:00  Probe  
  66  5:04  Forge, Robotics Facility  
  63  5:09  Probe  
  63  5:10  Sentry x2  
  63  5:11  Gateway  
  63  5:12  Gateway  
  68  5:15  Probe  
  68  5:20  Pylon  
  69  5:21  Probe  
  69  5:27  Probe  
  71  5:33  Protoss Ground Weapons Level 1 (Chrono Boost), Probe  
  72  5:39  Probe  
  72  5:41  Sentry  
  72  5:42  Sentry  
  77  5:46  Probe  
  78  5:51  Probe, Immortal (Chrono Boost)  
  78  5:55  Nexus  
  78  5:56  Pylon  
  83  6:10  Pylon  
  83  6:12  Pylon, Probe  
  83  6:13  Twilight Council, Probe  
  83  6:16  Shield Battery  
  85  6:22  Observer (Chrono Boost)  
  85  6:25  Probe x2  
  88  6:32  Stalker x3  
  94  6:34  Sentry  
  94  6:37  Probe x2  
  98  6:46  Robotics Bay  
  98  6:49  Probe x2  
  98  6:52  Charge  
  100  6:57  Pylon  
  100  6:59  Stalker  
  100  7:01  Probe x2  
  104  7:10  Immortal (Chrono Boost)  
  104  7:13  Assimilator, Probe x2  
  104  7:14  Assimilator  
  110  7:17  Protoss Ground Armor Level 1 (Chrono Boost)  
  110  7:24  Probe  
  110  7:25  Probe x2  
  113  7:39  Gateway, Extended Thermal Lance  
  113  7:43  Gateway x2  
  113  7:45  Photon Cannon, Colossus (Chrono Boost), Gateway  
  119  7:53  Robotics Facility  
  119  7:56  Probe  
  120  8:01  Forge  
  120  8:03  Pylon  
  120  8:04  Pylon  
  120  8:13  Pylon  
  120  8:14  Templar Archives  
  120  8:22  Colossus (Chrono Boost)  
  120  8:23  Robotics Facility  
  120  8:25  Pylon  
  126  8:38  Nexus  
  126  8:40  Pylon, Protoss Ground Weapons Level 2 (Chrono Boost)  
  126  8:43  Immortal  
  126  8:45  Probe x3  
  133  8:54  High Templar  
  133  8:55  High Templar  
  137  8:57  Probe x3  
  137  9:00  Pylon, Photon Cannon  
  137  9:01  Photon Cannon  
  137  9:02  Archon  
  140  9:03  Shield Battery  
  140  9:05  Shield Battery  
  140  9:07  Immortal  
  140  9:10  Immortal  
  140  9:12  Probe x2  
  150  9:19  Protoss Ground Armor Level 2 (Chrono Boost)  
  150  9:23  Probe  
  151  9:28  Immortal  
  154  9:46  Observer  
  154  9:52  Assimilator x2  
  161  9:56  Colossus (Chrono Boost)  
  161  10:00  Blink (Chrono Boost)  
  161  10:02  High Templar x2  
  161  10:03  Zealot x6  
  177  10:07  Archon  
  177  10:12  Observer (Chrono Boost)  
  177  10:13  Oracle  
  182  10:18  Gateway  
  182  10:19  Observer (Chrono Boost)  
  182  10:23  Gateway  
  182  10:25  Gateway x2  
  180  10:28  Pylon  
  180  10:31  Immortal (Chrono Boost)  
  180  10:33  Protoss Ground Weapons Level 3 (Chrono Boost)  
  188  10:37  Zealot x4  
  188  10:40  Immortal (Chrono Boost)  
  196  10:45  Immortal (Chrono Boost)  
  196  11:10  Zealot x8  
  188  11:13  Protoss Shields Level 1  
  188  11:18  Zealot x2  
  174  11:26  Observer x2  
  148  11:34  Immortal  
  148  11:35  Zealot x8  
  148  11:36  Zealot x2  
  170  11:44  Observer  
  148  11:47  Immortal  
  137  11:55  Zealot x4  
  137  11:56  Zealot x6  
  137  11:59  Observer  
  157  12:03  Gravitic Boosters  
  157  12:06  Stalker x2  
  162  12:14  Observer  
  163  12:17  Zealot x4  
  163  12:18  Zealot x3  
  171  12:36  Immortal (Chrono Boost)  
  148  12:39  Immortal (Chrono Boost)  
  123  12:53  Stalker x2  
  123  12:54  Stalker x4  
  123  12:58  Immortal (Chrono Boost)  
  125  13:09  High Templar  
  125  13:10  High Templar x5  
  137  13:15  Archon  
  137  13:16  Archon x2  
  140  13:21  Oracle  
  140  13:25  Observer (Chrono Boost)  
  140  13:26  Immortal (Chrono Boost)  
  135  13:30  Sentry  
  135  13:33  Immortal (Chrono Boost)  
  137  13:39  Stalker  
  137  13:40  Disruptor (Chrono Boost)  
  145  13:52  Disruptor (Chrono Boost)  
  148  13:59  Disruptor (Chrono Boost), Zealot x10  
  148  14:01  Disruptor (Chrono Boost)  
  149  14:12  Zealot x2  
  119  14:20  Zealot x4  
  111  14:28  Disruptor (Chrono Boost)  
  111  14:30  Zealot x4  
  111  14:31  Probe x3  
  117  14:35  Observer (Chrono Boost)  
  117  14:37  Observer (Chrono Boost)  
  117  14:38  Probe  
  120  14:43  Probe x3  
  123  14:50  Probe  
  125  14:53  Observer (Chrono Boost), High Templar x2  
  125  14:54  High Templar x4  
  125  14:55  High Templar x2, Probe x2  
  125  14:56  Disruptor (Chrono Boost)  
  125  14:58  Archon  
  125  14:59  Archon x2  
  146  15:00  Archon  
  146  15:09  Zealot  
  146  15:10  Zealot x3  
  150  15:26  Stalker x4  
  154  15:35  Disruptor  
  127  16:00  High Templar x4  
  127  16:01  Zealot x5  
  127  16:02  Zealot x2  
  149  16:05  Pylon, Archon  
  149  16:06  Archon  
  150  16:22  Observer  
  148  16:27  Pylon  
  148  16:33  Zealot x4  
Show
View Real Time Build Order
Export as new Build Order

Stephano Zerg - Winner!

Build Orders: Hatch First, Lurkers 

Get SALT Encoding   

  12  0:00  Drone  
  13  0:12  Overlord  
  13  0:17  Drone  
  14  0:30  Drone x2  
  16  0:48  Hatchery  
  15  0:51  Drone  
  15  0:54  Drone  
  17  0:58  Drone  
  18  1:08  Extractor  
  17  1:13  Spawning Pool  
  17  1:16  Drone  
  17  1:20  Drone  
  18  1:27  Drone  
  19  1:38  Drone  
  20  1:49  Drone  
  21  2:00  Queen x2, Zergling x2  
  26  2:02  Drone  
  27  2:12  Drone  
  27  2:13  Overlord  
  28  2:23  Hatchery  
  28  2:26  Drone  
  28  2:35  Queen  
  30  2:40  Zergling x2  
  30  2:42  Metabolic Boost  
  30  2:43  Drone x2  
  33  2:48  Overlord  
  33  2:53  Drone x2  
  35  2:59  Drone  
  36  3:08  Drone x2  
  36  3:09  Drone x2  
  36  3:11  Drone x2  
  42  3:15  Queen  
  44  3:21  Overlord  
  44  3:32  Spore Crawler, Drone  
  44  3:34  Overlord  
  44  3:39  Drone x5  
  50  3:43  Overlord  
  50  3:44  Drone x3  
  53  3:50  Spore Crawler  
  53  3:55  Queen  
  52  4:00  Spore Crawler, Overlord  
  53  4:03  Queen  
  53  4:05  Zergling x2  
  53  4:06  Zergling x2  
  57  4:11  Spore Crawler, Drone x2  
  57  4:13  Drone  
  59  4:17  Drone x3  
  59  4:21  Extractor x2  
  59  4:22  Drone  
  61  4:28  Roach Warren  
  61  4:30  Drone x2, Evolution Chamber  
  61  4:36  Overlord  
  61  4:42  Drone  
  61  4:44  Drone  
  61  4:45  Drone  
  64  4:48  Drone x2  
  64  4:50  Lair  
  66  4:55  Zergling x4  
  66  5:02  Drone x7  
  66  5:06  Overlord  
  71  5:09  Drone x2  
  71  5:11  Queen  
  75  5:14  Drone  
  75  5:15  Drone  
  75  5:19  Zerg Missile Weapons Level 1  
  77  5:23  Drone x4  
  77  5:26  Extractor  
  75  5:35  Extractor  
  75  5:41  Hatchery  
  75  5:42  Extractor, Drone  
  73  5:43  Drone x5  
  73  5:49  Glial Reconstitution  
  78  5:50  Hydralisk Den  
  78  5:55  Overseer  
  77  6:02  Queen x2  
  81  6:08  Roach x4  
  81  6:09  Overlord  
  81  6:10  Overlord  
  89  6:24  Spore Crawler  
  89  6:25  Roach  
  89  6:32  Drone x3  
  90  6:34  Drone x2  
  90  6:36  Drone x3  
  95  6:41  Evolution Chamber, Grooved Spines  
  94  6:47  Drone x2  
  94  6:51  Drone x9  
  105  7:03  Infestation Pit  
  105  7:05  Drone x3  
  105  7:06  Drone  
  105  7:07  Zerg Ground Armor Level 1  
  108  7:10  Overlord  
  108  7:11  Overlord x2  
  108  7:14  Zerg Missile Weapons Level 2  
  105  7:24  Overlord  
  105  7:28  Overlord  
  104  7:32  Ravager x3  
  104  7:33  Ravager x2, Spore Crawler, Hydralisk x7  
  122  7:42  Drone x2  
  122  7:43  Drone x2  
  126  7:45  Overlord x3  
  126  7:49  Hive  
  126  8:05  Muscular Augments, Hydralisk x5  
  126  8:06  Lurker Den  
  126  8:10  Extractor x2  
  126  8:11  Drone x2  
  126  8:12  Drone x4  
  139  8:13  Drone x2  
  139  8:19  Hydralisk x4  
  142  8:24  Overlord  
  148  8:36  Hydralisk x3  
  148  8:37  Hydralisk x2  
  148  8:38  Hatchery, Overlord  
  157  8:55  Overlord  
  156  9:00  Zergling x2  
  156  9:01  Zergling x2, Overlord x2  
  156  9:02  Zerg Ground Armor Level 2, Overlord  
  158  9:04  Seismic Spines  
  158  9:05  Spore Crawler, Lurker x3  
  158  9:06  Spore Crawler x3  
  157  9:10  Drone x2  
  157  9:11  Drone  
  157  9:14  Spore Crawler x2  
  158  9:17  Lurker x2  
  160  9:25  Lurker x2  
  162  9:32  Hydralisk x4  
  166  9:56  Drone x2  
  166  9:57  Drone x2  
  166  9:58  Extractor  
  166  9:59  Spore Crawler  
  168  10:00  Extractor  
  168  10:02  Adaptive Talons, Lurker x4  
  168  10:03  Lurker  
  172  10:19  Zergling x36  
  190  10:23  Hatchery  
  190  10:24  Zerg Missile Weapons Level 3  
  186  10:39  Pneumatized Carapace  
  186  10:40  Overseer x2  
  186  10:44  Adrenal Glands  
  186  10:46  Hatchery  
  185  10:53  Zergling x30  
  185  10:55  Overlord x2  
  190  11:08  Hydralisk  
  190  11:09  Zergling x2  
  153  11:19  Roach x23  
  184  11:28  Hydralisk x5  
  178  11:38  Hydralisk x3  
  178  11:39  Hydralisk x2  
  183  11:44  Roach x4  
  172  11:48  Roach  
  172  11:49  Roach x2  
  172  11:53  Roach  
  172  11:54  Roach x2  
  154  11:58  Lurker x5  
  159  12:06  Lurker x2  
  161  12:17  Zerg Ground Armor Level 3  
  158  12:24  Lurker x2  
  140  12:40  Hydralisk x9  
  129  12:54  Hydralisk x7  
  129  12:57  Zergling x24  
  150  13:12  Hydralisk x7  
  152  13:19  Drone x4  
  168  13:20  Drone x3  
  168  13:22  Drone  
  169  13:29  Lurker x5  
  174  13:39  Lurker x2  
  174  13:40  Lurker  
  173  13:49  Overseer x2  
  173  13:53  Zergling x2  
  173  13:54  Zergling x16  
  182  13:58  Hatchery  
  182  14:02  Hatchery  
  169  14:12  Hydralisk x9  
  166  14:18  Hydralisk x3  
  154  14:24  Zergling x12  
  154  14:31  Lurker x2  
  154  14:41  Lurker  
  154  14:42  Lurker x5  
  160  14:46  Drone x5  
  160  14:52  Extractor  
  161  14:55  Extractor  
  161  14:59  Lurker x4  
  165  15:00  Lurker  
  165  15:03  Zergling x30  
  152  15:43  Hydralisk x17  
  152  15:45  Zergling x4  
  173  15:51  Hydralisk  
  173  15:52  Hydralisk x2  
  179  16:19  Lurker x9  
  188  16:28  Zergling x22  

Tags
 
Add a new tag
Caveats
  • Supply blocks, unpowered buildings, or Contaminate may cause inaccurate times.
  • Supply counts are checked every 10 seconds.